 Dungeon Crawl Stone Soup version 0.30.0-12-gd5a94ecb5d (webtiles) character file.

Game seed: 1386621801561134371

160 CaptainMV the Slasher (level 5, 0/39 HPs)
             Began as a Demonspawn Wanderer on May 17, 2023.
             Slain by a shadow imp (1 damage)
             ... on level 4 of the Dungeon.
             The game lasted 00:16:35 (2013 turns).

CaptainMV the Slasher (Demonspawn Wanderer)         Turns: 2013, Time: 00:16:36

Health: 0/39       AC:  5    Str: 12    XL:     5   Next: 17%
Magic:  1/7        EV: 11    Int: 15    God:
Gold:   123        SH:  4    Dex: 13    Spells: 3/6 levels left

rFire   . . .        a - +4 falchion
rCold   . . .        (no shield)
rNeg    . . .        c - +1 robe
rPois   .            (no helmet)
rElec   .            (no cloak)
rCorr   .            (no gloves)
SInv    .            (no boots)
Will    .....        (no amulet)
Stlth   ++           (no ring)
HPRegen 0.26/turn    (no ring)
MPRegen 0.10/turn

%: no passive effects
@: no status effects
A: hooves 1, slimy green scales 1, condensation shield
a: no special abilities


You were on level 4 of the Dungeon.
You visited 1 branch of the dungeon, and saw 4 of its levels.

You collected 123 gold pieces.

Inventory:

Hand Weapons
 a - a +4 falchion (weapon)
Missiles
 e - 6 boomerangs (quivered)
Armour
 c - a +1 robe (worn)
Jewellery
 i - an amulet of faith
Scrolls
 f - a scroll of fear {unknown}
 g - a scroll of magic mapping
Potions
 b - a potion of haste
 d - a potion of lignification
 h - a potion of curing {unknown}
 j - a potion of might {unknown}
 l - a potion of brilliance {unknown}


   Skills:
 + Level 2.7 Fighting
 + Level 2.8 Long Blades
 + Level 1.9 Armour
 + Level 1.1 Dodging
 + Level 1.3 Stealth
 + Level 1.4 Spellcasting
 + Level 1.7 Transmutations
 + Level 2.7 Poison Magic


You had 3 spell levels left.
You knew the following spells:

 Your Spells              Type           Power      Damage    Failure   Level
a - Sting                 Tmut/Pois      28%        1d4       10%         1
b - Static Discharge      Conj/Air       2%         2-3/arc   34%         2

Your spell library contained the following spells:

 Spells                   Type           Power      Damage    Failure   Level
 Apportation              Tloc           2%         N/A       24%         1
 Necrotise                Necr           4%         1d4       24%         1
 Sandblast                Erth           2%         2d4       24%         1
 Slow                     Hex            4%         N/A       24%         1
 Passwall                 Tmut/Erth      2%         N/A       24%         2
 Mephitic Cloud           Conj/Pois/Air  3%         N/A       43%         3
 Confusing Touch          Hex            1%         N/A       56%         3
 Stone Arrow              Conj/Erth      2%         3d7       56%         3
 Vampiric Draining        Necr           1%         2d6       56%         3
 Airstrike                Air            0%         2d(1-17)  93%         4
 Animate Armour           Summ/Erth      2%         N/A       93%         4
 Summon Lightning Spire   Summ/Air       1%         N/A       93%         4
 Alistair's Intoxication  Tmut/Pois      4%         N/A       95%         5
 Agony                    Necr           1%         N/A       100%        5
 Lehudib's Crystal Spear  Conj/Erth      0%         10d2      100%        8


Dungeon Overview and Level Annotations

Branches:
Dungeon (4/15)
 Temple: D:4-7

Altars:
Gozag

Portals:
Sewer: D:4


Innate Abilities, Weirdness & Mutations

You have large cloven feet.
You are partially covered in slimy green scales. (AC +2)
A meltable shield of frost defends you. (SH +4)


Message History

Your magical contamination has completely faded away.
You hit the white imp.
The white imp is heavily wounded.
The white imp gestures at you. The puff of frost hits you.
You slash the white imp!
You kill the white imp!
You see here a quokka corpse.
You hit the shadow imp but do no damage.
You kick the shadow imp.
The shadow imp is heavily wounded.
You hear the slow rusting of a drain.
The shadow imp gestures at you.
You barely resist. The shadow imp gestures at you.
Pain shoots through your body!
* * * LOW HITPOINT WARNING * * *
You hit the shadow imp.
The shadow imp is severely wounded.
The shadow imp hits you but does no damage.
You closely miss the shadow imp.
The shadow imp is severely wounded.
A dart slug comes into view.
The shadow imp hits you.
* * * LOW HITPOINT WARNING * * *
You hit the shadow imp but do no damage.
Your kick misses the shadow imp.
The shadow imp is severely wounded.
The shadow imp barely misses you.
You hit the shadow imp.
The shadow imp is severely wounded.
The shadow imp hits you.
* * * LOW HITPOINT WARNING * * *
Casting: Static Discharge (dangerous; 34% risk of failure)
Confirm with . or Enter, or press ? or * to list all spells.
Aiming: Sting (safe; 10% risk of failure)
Press: ? - help, Shift-Dir - straight line, f - shadow imp
Aim: a shadow imp (severely wounded, 64% to hit)
The sting misses the shadow imp.
The shadow imp hits you.
You die...

#.....# ....... .......
....... ########w......
~~~~~~~........
~~∩~~~~5.......
~~~~~~~@#######
#################†.....#
........#..............#
........'..............#
........#..............#
.#......#..............+
.#......#########......#
♣)........♣ #.........
.)........~P. ####+##...


You could see a shadow imp and a dart slug.

Vanquished Creatures
  A quasit (D:4)
  An orc wizard (D:4)
  2 adders (D:2)
  A white imp (D:4)
  A worm (D:3)
  A dart slug (D:1)
  4 orcs
  7 endoplasms
  A giant cockroach (D:2)
  5 hobgoblins
  4 jackals
  7 kobolds
  7 quokkas
  2 ball pythons (D:1)
  6 bats
  2 frilled lizards (D:2)
  6 goblins
  8 rats
66 creatures vanquished.

Notes
Turn   | Place    | Note
-------+----------+-------------------------------------------
     0 | D:1      | CaptainMV the Demonspawn Wanderer began the quest for the
                  | Orb.
     0 | D:1      | CaptainMV set off with the following items: a +3 falchion,
                  | a potion of haste, a +0 robe; and the following spell
                  | memorised: Sting; and the following spells available to
                  | memorise: Mephitic Cloud.
     0 | D:1      | Reached XP level 1. HP: 16/16 MP: 2/2
   117 | D:1      | Gained mutation: You have large cloven feet. [demonic
                  | ancestry]
   117 | D:1      | Reached XP level 2. HP: 12/22 MP: 1/3
   643 | D:1      | Learned a level 2 spell: Static Discharge
   984 | D:2      | Gained mutation: You are partially covered in slimy green
                  | scales. (AC +2) [demonic ancestry]
   984 | D:2      | Reached XP level 3. HP: 27/27 MP: 1/4
  1361 | D:2      | Gained mutation: A meltable shield of frost defends you.
                  | (SH +4) [demonic ancestry]
  1361 | D:2      | Reached XP level 4. HP: 34/34 MP: 3/6
  1488 | D:3      | Found a faded altar of an unknown god.
  1718 | D:3      | Found an opulent altar of Gozag.
  1947 | D:4      | Reached skill level 1 in Transmutations
  1981 | D:4      | Found a glowing drain.
  1997 | D:4      | Reached skill level 1 in Dodging
  1997 | D:4      | Reached XP level 5. HP: 28/39 MP: 7/7
  2012 | D:4      | HP: 1/39 [shadow imp (4)]
  2013 | D:4      | Slain by a shadow imp

Illustrated notes

Levels and vault maps discovered:
D:1:      dpeg_arrival_arbitrary_c, layout_loops_corners
D:2:      layout_basic, st_stairs_11, minmay_statues_item, minmay_tromino_v4_a
D:3:      layout_basic, grunt_gozag_statues, ebering_ecumenical_altar_petrified
D:4:      layout_gridville, portal_sewer_entry_f, serial_demonic,
          serial_demonic_e, serial_demonic_d, serial_demonic_b,
          serial_demonic_a, serial_bayou_pond_e,
          nicolae_shop_i_like_small_books_too, uniq_blork_the_orc, uniq_edmund

Skill      XL: |  1  2  3  4 |
---------------+-------------+-----
Long Blades    | 2 |  2.8
Transmutations | 1 |  1.7
Dodging        | 1 |  1.1
Fighting       | |  2.7
Armour         | |  1.9
Stealth        | |  1.3
Spellcasting   | |  1.4
Poison Magic   | |  2.7

Action                     |  1- 3 |  4- 6 || total
---------------------------+-------+-------++-------
  Melee: Falchion          |    81 |    59 ||   140
         Kick              |     9 |     8 ||    17
         Punch             |     1 |     1 ||     2
   Cast: Sting             |    26 |     5 ||    31
         Static Discharge  |       |     4 ||     4
    Use: Scroll            |     6 |     3 ||     9
         Potion            |       |     1 ||     1
   Stab: Sleeping          |     1 |       ||     1
 Armour: Robe              |    36 |    27 ||    63
  Dodge: Dodged            |    71 |    25 ||    96
  Block: Other             |       |    12 ||    12
